 Dungeon Crawl Stone Soup version 0.23.2-33-g5129a83184 (webtiles) character file.

Game seed: 16540637138989933450

89 MalarOregon the Digger (level 4, 0/35 HPs)
             Began as a Ghoul Earth Elementalist on June 28, 2019.
             Slain by an adder (4 damage)
             ... on level 1 of the Dungeon.
             The game lasted 00:04:44 (2132 turns).

MalarOregon the Digger (Ghoul Earth Elementalist)   Turns: 2132, Time: 00:04:45

Health: 0/35       AC:  3    Str:  9 (11) XL:     4   Next: 55%
Magic:  6/6        EV: 18    Int: 11      God:
Gold:   87         SH:  0    Dex: 14      Spells: 6/7 levels left

rFire    . . .     SeeInvis .     - Unarmed
rCold    + . .     Gourm    .   (no shield)
rNeg     + + +     Faith    .   c - +0 robe
rPois    ∞         Spirit   .   (no helmet)
rElec    .         Reflect  .   k - +0 cloak
rCorr    .         Harm     .   (no gloves)
MR       .....                  (no boots)
Stlth    +++.......             (no amulet)
HPRegen  0.00/turn              (no ring)
MPRegen  0.10/turn              (no ring)

@: agile, rotting
A: rotting body, claws 1, carnivore, cold resistance 1, negative energy
resistance 3, inhibited regeneration, torment resistance, unbreathing
a: no special abilities


You were on level 1 of the Dungeon.
You were not hungry.

You visited 1 branch of the dungeon, and saw 2 of its levels.

You collected 87 gold pieces.

Inventory:

Missiles
 n - 4 javelins (quivered)
Armour
 c - a +0 robe (worn)
 k - a +0 cloak (worn)
   (You found it on level 1 of the Dungeon)
Scrolls
 d - a scroll of noise {unknown}
 f - 2 scrolls of enchant weapon {unknown}
 g - 3 scrolls of magic mapping {unknown}
 h - a scroll of random uselessness {unknown}
 l - 2 scrolls of identify {unknown}
Potions
 a - a potion of agility
Comestibles
 e - 2 rations {!d}


   Skills:
 + Level 1.5 Fighting
 + Level 2.3 Dodging
 + Level 3.0 Stealth
 + Level 1.5 Unarmed Combat
 + Level 2.2 Spellcasting
   Level 0.8 Transmutations
 + Level 3.7 Earth Magic


You had 6 spell levels left.
You knew the following spells:

 Your Spells              Type           Power        Failure   Level  Hunger
a - Sandblast             Erth           #.....       6%          1    ##.....

Your spell library contained the following spells:

 Spells                   Type           Power        Failure   Level  Hunger
 Passwall                 Tmut/Erth      #.......     17%         2    ###....
 Stone Arrow              Conj/Erth      #.....       36%         3    ####...
 Petrify                  Tmut/Erth      #.......     73%         4    #####..
 Lee's Rapid Deconstruct  Erth           #.........   86%         5    ######.


Dungeon Overview and Level Annotations

Branches:
Dungeon (2/15)

Altars:
Elyvilon
Fedhas
The Shining One


Innate Abilities, Weirdness & Mutations

Your body is rotting away.
You thrive on raw meat.
You are immune to poison.
You have sharp fingernails.
You are carnivorous and can eat meat at any time.
Your flesh is cold resistant. (rC+)
You are immune to negative energy. (rN+++)
You do not regenerate when monsters are visible.
You are immune to unholy pain and torment.
You can survive without breathing.


Message History

The slug dart misses you. The adder bites you.
* * * LOW HITPOINT WARNING * * *
A bat comes into view.
The bat closely misses you.
You barely miss the bat. The bat barely misses you. The adder bites you.
* * * LOW HITPOINT WARNING * * *
The adder bites you.
* * * LOW HITPOINT WARNING * * *
The bat barely misses you. The bat completely misses you.
You closely miss the adder. The bat hits you but does no damage.
The bat hits you.
* * * LOW HITPOINT WARNING * * *
The adder bites you.
* * * LOW HITPOINT WARNING * * *
The adder barely misses you.
Okay, then.
You feel agile all of a sudden. The bat barely misses you.
The adder misses you.
You scratch the bat.
You kill the bat!
The gnoll hits you from afar with a +0 spear.
* * * LOW HITPOINT WARNING * * *
The adder misses you. The adder bites you.
* * * LOW HITPOINT WARNING * * *
You feel better. The gnoll closely misses you. The adder closely misses you.
Unknown command.
The adder closely misses you. The adder misses you.
The adder closely misses you. The adder barely misses you.
There is a stone staircase leading down here.
The adder misses you.
There is a stone staircase leading up here.
The adder closely misses you.
You climb upwards.
There is a stone staircase leading down here.
You closely miss the adder. The adder closely misses you.
You scratch the adder but do no damage. The adder barely misses you.
You completely miss the adder. The adder bites you.
* * * LOW HITPOINT WARNING * * *
The adder misses you.
You closely miss the adder. The adder closely misses you.
Unknown command.
You scratch the adder. The adder bites you but does no damage.
You barely miss the adder. The adder completely misses you.
You miss the adder. The adder misses you. The adder bites you.
You die...

#.####.# ##.## #.# #.#....# #.#
#.### #.#.##.# #.# #...# #.#.##.#
##'## ###..>### #......# ##...##
#.......# ###.######.....##
##.......# ####..#####.......##
##........#
........##.........####...#...###
.........'......@S.'..........#
###...#.##......>..####...#.###
###.....###.......## ##.##.#
#.......# ##.....## ####.#
#.......# ##...## #.# #.......#
##'#### #.# ...[....# #.##.## #.#
###...########.#.#.########.#
##.## #......#...........#


You could see an adder.

Vanquished Creatures
  A worker ant (D:2)
  A gnoll (D:2)
  An adder (D:2)
  4 dart slugs
  3 giant cockroaches
  4 goblins
  6 hobgoblins
  4 jackals (D:1)
  A ball python (D:2)
  3 bats
  A frilled lizard (D:1)
  2 kobolds
  7 rats
38 creatures vanquished.

Notes
Turn   | Place    | Note
-------+----------+-------------------------------------------
     0 | D:1      | MalarOregon the Ghoul Earth Elementalist began the quest
                  | for the Orb.
     0 | D:1      | Reached XP level 1. HP: 14/14 MP: 2/2
   338 | D:1      | Reached XP level 2. HP: 12/22 MP: 0/3
   737 | D:1      | Found a glowing golden altar of the Shining One.
   854 | D:1      | Reached XP level 3. HP: 27/27 MP: 5/5
  1009 | D:1      | Reached skill level 1 in Fighting
  1009 | D:1      | Reached skill level 1 in Unarmed Combat
  1387 | D:2      | Found a white marble altar of Elyvilon.
  1733 | D:2      | Found a blossoming altar of Fedhas.
  1771 | D:2      | Reached XP level 4. HP: 10/35 MP: 0/6
  2108 | D:2      | HP: 1/34 [adder (1)]
  2132 | D:1      | Slain by an adder

Skill      XL: |  1  2  3 |
---------------+----------+-----
Dodging        | 2 |  2.3
Spellcasting   | 2 |  2.2
Fighting       | 1 |  1.5
Unarmed Combat | 1 |  1.5
Stealth        | 3 |  3.0
Transmutations | |  0.8
Earth Magic    | |  3.7

Action                   |  1- 3 |  4- 6 || total
-------------------------+-------+-------++-------
Melee: Unarmed           |   133 |    20 ||   153
 Cast: Sandblast         |    23 |     8 ||    31
  Use: Potion            |     3 |     3 ||     6
 Stab: Distracted        |     1 |       ||     1
       Sleeping          |     1 |       ||     1
  Eat: Chunk             |     6 |       ||     6
Armor: Robe              |    24 |     7 ||    31
Dodge: Dodged            |    89 |    39 ||   128
